WCHLSIM.com - West Coast Hockey League
html PUBLIC "-//W3C//DTD XHTML 1.0 Transitional//EN" "http://www.w3.org/TR/xhtml1/DTD/xhtml1-transitional.dtd"> WCHL - Game 191 - PHOENIX MUSTANGS vs VICTORIA GLADIATORS

PHOENIX MUSTANGS vs VICTORIA GLADIATORS

Created - 9 novembre 2023 at 23:29

Goals
1 2 3 T
PHOENIX MUSTANGS 0 3 1 4
VICTORIA GLADIATORS 4 1 0 5
Shots
1 2 3 T
PHOENIX MUSTANGS 9 7 17 33
VICTORIA GLADIATORS 8 8 9 25

1st period

1. VICTORIA GLADIATORS , Matthew Nieto 2 (Jan Rutta 2, Chris Tanev 2) at 1:27
2. VICTORIA GLADIATORS , Mason Appleton 1 (Brock McGinn 2, Tyler Myers 3) at 3:11
3. VICTORIA GLADIATORS , Mikael Granlund 4 (Tyler Myers 4) at 4:40
4. VICTORIA GLADIATORS , Barclay Goodrow 2 (Torey Krug 3, Noel Acciari 5) at 11:36

Penalties :
Ilya Lyubushkin (PHX) for Hooking (Minor) at 6:30, Mikael Granlund (VIC) for Diving (Minor) at 7:09, Justin Holl (VIC) for Hooking (Minor) at 14:24

2nd period

5. PHOENIX MUSTANGS , Brad Marchand 3 (Jonathan Miller 6, Jeff Petry 5) at 2:04
6. VICTORIA GLADIATORS , Brandon Montour 3 (Adam Lowry 2, Nick Foligno 5) at 4:52 (PP)
7. PHOENIX MUSTANGS , Jonathan Miller 5 (Erik Karlsson 3) at 10:31
8. PHOENIX MUSTANGS , Kyle Connor 5 (Jonathan Miller 7, Brad Marchand 5) at 13:43 (PP)

Penalties :
Mark Scheifele (PHX) for Tripping (Minor) at 2:53, Kasperi Kapanen (VIC) for Interference (Minor) at 6:36, Andre Burakovsky (VIC) for Holding (Minor) at 12:03, Alex Iafallo (VIC) for Tripping (Minor) at 14:17

3rd period

9. PHOENIX MUSTANGS , Kyle Connor 6 (Jonathan Miller 8) at 9:49

Penalties :
Tyler Pitlick (VIC) for Hooking (Minor) at 4:14, Nick Foligno (VIC) for High sticking (Minor) at 18:37

Goalie Stats

Petr Mrazek (PHX), 16 saves from 17 shots - (0,941), L, 2-2-2, 46:41 minutes
Antti Raanta (PHX), 4 saves from 8 shots - (0,500), 11:36 minutes
Jake Oettinger (VIC), 29 saves from 33 shots - (0,879), W, 6-5-0, 60:00 minutes

Players Stats for PHOENIX MUSTANGS

Player Name              G  A  P  +/- PIM S  H  SB GA TA FO     MP     PP MP  PK MP  
------------------------------------------------------------------------------------
Alex Barre-Boulet        0  0  0   0  0   0  0  0  0  0  0/0     3:07   0:00   0:00 
Alex Killorn             0  0  0  -2  0   0  1  1  0  0  0/1    18:58   5:07   0:00 
Andrew Copp              0  0  0   0  0   1  0  1  0  0  0/2    16:17   0:00   2:17 
Brad Marchand            1  1  2   1  0   4  0  0  0  0  0/0    19:57   6:30   0:00 
Damon Severson           0  0  0   1  0   1  1  2  0  0  0/0    22:12   3:59   0:08 
Erik Karlsson            0  1  1   1  0   2  0  1  0  0  0/0    25:36   5:44   1:05 
Gavin Bayreuther         0  0  0  -1  0   1  1  0  0  0  0/0    14:00   1:51   0:00 
Ilya Lyubushkin          0  0  0  -1  2   1  1  0  0  0  0/0    16:42   4:02   1:10 
Jeff Petry               0  1  1  -1  0   0  1  1  0  0  0/0    24:34   6:52   1:33 
Jesper Fast              0  0  0   0  0   0  1  0  0  0  0/1    14:28   0:00   0:28 
Joel Armia               0  0  0   0  0   0  0  0  0  0  0/0     3:28   0:00   0:21 
Jonathan Miller          1  3  4   1  0   5  5  0  0  0  22/30  20:18   6:30   0:21 
Jordan Eberle            0  0  0  -2  0   3  1  0  0  0  1/2    19:37   5:46   0:00 
Kyle Connor              2  0  2   1  0   7  0  0  0  0  1/1    20:38   5:51   0:00 
Mark Scheifele           0  0  0  -2  2   5  1  0  0  0  19/32  20:17   5:07   0:00 
Nic Dowd                 0  0  0   0  0   0  1  0  0  0  7/13   15:49   0:00   1:49 
Radko Gudas              0  0  0  -1  0   1  0  0  0  0  0/0    16:55   0:46   1:20 
Tyson Jost               0  0  0   0  0   2  0  0  0  0  1/4     3:07   0:00   0:00 

Players Stats for VICTORIA GLADIATORS

Player Name              G  A  P  +/- PIM S  H  SB GA TA FO     MP     PP MP  PK MP  
------------------------------------------------------------------------------------
Adam Lowry               0  1  1   0  0   1  1  0  0  0  11/17  16:04   1:02   0:00 
Alex Iafallo             0  0  0   0  2   5  0  1  0  0  1/3    18:08   1:36   0:00 
Andre Burakovsky         0  0  0   0  2   3  0  0  0  0  0/1    17:46   1:36   0:11 
Barclay Goodrow          1  0  1   0  0   3  0  0  0  0  0/0    16:46   0:00   7:31 
Brandon Montour          1  0  1  -2  0   2  1  1  0  0  0/0    20:42   1:02   0:44 
Brock McGinn             0  1  1   1  0   1  0  0  0  0  0/1     6:55   1:02   0:11 
Chris Tanev              0  1  1   0  0   0  0  3  0  0  0/0    16:59   0:00   5:46 
Jan Rutta                0  1  1   0  0   0  0  1  0  0  0/0    16:40   0:00   6:07 
Justin Holl              0  0  0   2  2   1  1  2  0  0  0/0    21:46   0:00   4:46 
Kasperi Kapanen          0  0  0   0  2   2  0  0  0  0  0/0    15:16   1:02   0:00 
Mason Appleton           1  0  1   1  0   1  0  0  0  0  2/10    8:50   0:00   3:55 
Matthew Nieto            1  0  1   0  0   1  1  0  0  0  0/2    13:10   0:00   3:55 
Mikael Granlund          1  0  1   0  2   1  2  1  0  0  10/21  17:35   1:35   0:00 
Nick Foligno             0  1  1   0  2   1  3  0  0  0  0/1    15:49   1:02   0:00 
Noel Acciari             0  1  1   0  0   0  1  1  0  0  11/29  16:46   0:00   7:31 
Torey Krug               0  1  1  -1  0   2  1  0  0  0  0/0    19:44   1:36   0:00 
Tyler Myers              0  2  2   3  0   1  2  1  0  0  0/0    23:06   1:36   5:51 
Tyler Pitlick            0  0  0   1  2   0  0  0  0  0  0/1     4:54   0:00   0:00 

3 Stars

1 - Jonathan Miller (PHX)
2 - Kyle Connor (PHX)
3 - Tyler Myers (VIC)

Power Play

PHOENIX MUSTANGS - 1 on 7 Attempt(s) - 14,29%
VICTORIA GLADIATORS - 1 on 2 Attempt(s) - 50,00%

Penalty Kill

PHOENIX MUSTANGS - 1 on 2 Attempt(s) - 50,00% - Score 0 goal in Penalty Kill
VICTORIA GLADIATORS - 6 on 7 Attempt(s) - 85,71% - Score 0 goal in Penalty Kill

Team Stat

PHOENIX MUSTANGS - Hits : 14 - Faceoff Wins : 51 - Blocked Shots : 6 - Penalty Minutes : 4
VICTORIA GLADIATORS - Hits : 13 - Faceoff Wins : 35 - Blocked Shots : 11 - Penalty Minutes : 14

Official

Referees : Dan Kelly and Ghislain Hebert
Linesman : Brian Murphy and Jonny Murray

Game Notes

Petr Mrazek enters game at 11:36 of 1st period

Finance

Level 1 -- Attendance: 4902 (77,81%) -- Ticket Income 931 380 $
Level 2 -- Attendance: 3571 (67,38%) -- Ticket Income 535 650 $
Level 3 -- Attendance: 1772 (80,55%) -- Ticket Income 194 920 $
Level 4 -- Attendance: 3516 (83,71%) -- Ticket Income 246 120 $
Luxury Box -- Attendance: 746 (74,60%) -- Ticket Income 231 260 $
Game was played at the Verizon Center.
Total Attendance: 14507 (76,35%)
Total Ticket Income: 2 139 330 $
Other Expense: 21 393 $
Total Income: 2 117 937 $

PHOENIX MUSTANGS

5 vs 5 Forward 
   Center                   Left Wing                Right Wing               Time % Phy DF OF 
 1 Jonathan Miller          Kyle Connor              Brad Marchand            34     0   2  3  
 2 Mark Scheifele           Alex Killorn             Jordan Eberle            34     0   2  3  
 3 Nic Dowd                 Andrew Copp              Jesper Fast              25     0   3  2  
 4 Tyson Jost               Joel Armia               Alex Barre-Boulet        7      0   3  2  

5 vs 5 Defense 
   Defense                  Defense                                           Time % Phy DF OF 
 1 Erik Karlsson            Damon Severson                                    40     0   3  2  
 2 Jeff Petry               Radko Gudas                                       36     0   3  2  
 3 Ilya Lyubushkin          Gavin Bayreuther                                  24     0   3  2  
 4 Erik Karlsson            Jeff Petry                                        0      0   3  2  

PowerPlay Forward 
   Center                   Left Wing                Right Wing               Time % Phy DF OF 
 1 Jonathan Miller          Kyle Connor              Brad Marchand            60     0   1  4  
 2 Mark Scheifele           Alex Killorn             Jordan Eberle            40     0   1  4  

PowerPlay Defense
   Defense                  Defense                                           Time % Phy DF OF 
 1 Erik Karlsson            Jeff Petry                                        70     0   1  4  
 2 Ilya Lyubushkin          Damon Severson                                    30     0   1  4  

Penalty Kill 4 Players Forward 
   Center                   Wing                     Time % Phy DF OF 
 1 Andrew Copp              Nic Dowd                 60     1   2  2  
 2 Jonathan Miller          Joel Armia               40     1   2  2  

Penalty Kill 4 Players Defense
   Defense                  Defense                  Time % Phy DF OF 
 1 Radko Gudas              Erik Karlsson            55     1   2  2  
 2 Jeff Petry               Ilya Lyubushkin          45     1   2  2  

Penalty Kill - 3 Players Forward 
   Forward                                           Time % Phy DF OF 
 1 Nic Dowd                                          60     0   4  1  
 2 Andrew Copp                                       40     0   4  1  

Penalty Kill - 3 Players Defense
   Defense                  Defense                  Time % Phy DF OF 
 1 Erik Karlsson            Radko Gudas              50     0   4  1  
 2 Jeff Petry               Damon Severson           50     0   4  1  

4 vs 4 Forward 
   Center                   Wing                     Time % Phy DF OF 
 1 Mark Scheifele           Kyle Connor              50     0   2  3  
 2 Andrew Copp              Jordan Eberle            50     0   2  3  

4 vs 4 Defense
   Defense                  Defense                  Time % Phy DF OF 
 1 Erik Karlsson            Jeff Petry               50     0   2  3  
 2 Radko Gudas              Damon Severson           50     0   2  3  

Last Minutes Offensive
   Center                   Left Wing                Right Wing               Defense                  Defense                  
   Jonathan Miller          Kyle Connor              Brad Marchand            Erik Karlsson            Jeff Petry               

Last Minutes Defensive
   Center                   Left Wing                Right Wing               Defense                  Defense                  
   Andrew Copp              Jonathan Miller          Nic Dowd                 Radko Gudas              Erik Karlsson            

Goaltenders
Starting : Antti Raanta             
Backup : Petr Mrazek              

Extra Forwards
Normal : Jonathan Miller, Brad Marchand, Mark Scheifele - PP : Jordan Eberle, Kyle Connor - PK : Jesper Fast
Extra Defensemen
Normal : Jeff Petry, Erik Karlsson, Damon Severson - PP : Erik Karlsson - PK : Jeff Petry, Radko Gudas
Penalty Shots
Mark Scheifele, Jonathan Miller, Kyle Connor, Erik Karlsson, Brad Marchand
Custom OT Lines Forwards
Jonathan Miller, Mark Scheifele, Brad Marchand, Kyle Connor, Jordan Eberle, Andrew Copp, Alex Killorn, Jesper Fast, Nic Dowd, Joel Armia
Custom OT Lines Defensemen
Erik Karlsson, Jeff Petry, Damon Severson, Ilya Lyubushkin, Radko Gudas

Scratches
Joel Edmundson (Bruised Left Shoulder Injury)

VICTORIA GLADIATORS

5 vs 5 Forward 
   Center                   Left Wing                Right Wing               Time % Phy DF OF 
 1 Mikael Granlund          Alex Iafallo             Andre Burakovsky         36     0   2  3  
 2 Adam Lowry               Nick Foligno             Kasperi Kapanen          33     0   3  2  
 3 Noel Acciari             Barclay Goodrow          Matthew Nieto            24     1   3  1  
 4 Mason Appleton           Brock McGinn             Tyler Pitlick            7      0   4  1  

5 vs 5 Defense 
   Defense                  Defense                                           Time % Phy DF OF 
 1 Brandon Montour          Torey Krug                                        40     0   3  2  
 2 Tyler Myers              Justin Holl                                       35     0   3  2  
 3 Chris Tanev              Jan Rutta                                         25     0   3  2  
 4 Brandon Montour          Justin Holl                                       0      0   3  2  

PowerPlay Forward 
   Center                   Left Wing                Right Wing               Time % Phy DF OF 
 1 Mikael Granlund          Alex Iafallo             Andre Burakovsky         60     1   0  4  
 2 Adam Lowry               Brock McGinn             Nick Foligno             40     1   0  4  

PowerPlay Defense
   Defense                  Defense                                           Time % Phy DF OF 
 1 Brandon Montour          Kasperi Kapanen                                   60     0   1  4  
 2 Tyler Myers              Torey Krug                                        40     0   1  4  

Penalty Kill 4 Players Forward 
   Center                   Wing                     Time % Phy DF OF 
 1 Noel Acciari             Barclay Goodrow          60     0   5  0  
 2 Mason Appleton           Matthew Nieto            40     0   5  0  

Penalty Kill 4 Players Defense
   Defense                  Defense                  Time % Phy DF OF 
 1 Tyler Myers              Justin Holl              60     0   5  0  
 2 Chris Tanev              Jan Rutta                40     0   5  0  

Penalty Kill - 3 Players Forward 
   Forward                                           Time % Phy DF OF 
 1 Noel Acciari                                      55     0   5  0  
 2 Barclay Goodrow                                   45     0   5  0  

Penalty Kill - 3 Players Defense
   Defense                  Defense                  Time % Phy DF OF 
 1 Tyler Myers              Justin Holl              55     0   5  0  
 2 Chris Tanev              Jan Rutta                45     0   5  0  

4 vs 4 Forward 
   Center                   Wing                     Time % Phy DF OF 
 1 Mikael Granlund          Nick Foligno             52     1   2  2  
 2 Adam Lowry               Brock McGinn             48     1   2  2  

4 vs 4 Defense
   Defense                  Defense                  Time % Phy DF OF 
 1 Brandon Montour          Torey Krug               52     1   2  2  
 2 Chris Tanev              Jan Rutta                48     1   2  2  

Last Minutes Offensive
   Center                   Left Wing                Right Wing               Defense                  Defense                  
   Mikael Granlund          Alex Iafallo             Andre Burakovsky         Brandon Montour          Torey Krug               

Last Minutes Defensive
   Center                   Left Wing                Right Wing               Defense                  Defense                  
   Noel Acciari             Barclay Goodrow          Matthew Nieto            Tyler Myers              Justin Holl              

Goaltenders
Starting : Jake Oettinger           
Backup : Charlie Lindgren         

Extra Forwards
Normal : Alex Iafallo, Nick Foligno, Kasperi Kapanen - PP : Noel Acciari, Mason Appleton - PK : Brock McGinn
Extra Defensemen
Normal : Chris Tanev, Jan Rutta, Torey Krug - PP : Chris Tanev - PK : Jan Rutta, Tyler Myers
Penalty Shots
Mikael Granlund, Andre Burakovsky, Adam Lowry, Alex Iafallo, Barclay Goodrow
Custom OT Lines Forwards
Mikael Granlund, Andre Burakovsky, Adam Lowry, Alex Iafallo, Barclay Goodrow, Noel Acciari, Nick Foligno, Kasperi Kapanen, Matthew Nieto, Mason Appleton
Custom OT Lines Defensemen
Brandon Montour, Torey Krug, Tyler Myers, Justin Holl, Chris Tanev

Scratches
Juuso Parssinen (Right Hand Injury), Niko Mikkola (Healthy)

% Time on Ice - PHOENIX MUSTANGS

Lines # - Real PCT - Wanted PCT - Time Play
Normal Forward
1 - 30% - 34% - 13:27
2 - 31% - 34% - 13:51
3 - 32% - 25% - 14:00
4 - 7% - 7% - 3:07
Normal Defense
1 - 37% - 40% - 16:35
2 - 33% - 36% - 14:49
3 - 27% - 24% - 12:09
4 - 2% - 0% - 0:52
PP Forward
1 - 56% - 60% - 6:30
2 - 44% - 40% - 5:07
PP Defense
1 - 59% - 70% - 6:52
2 - 41% - 30% - 4:45
PK Forward
1 - 87% - 60% - 2:17
2 - 13% - 40% - 0:21
PK Defense
1 - 41% - 55% - 1:05
2 - 59% - 45% - 1:33
PK3 Forward
1 - 0% - 60%
2 - 0% - 40%
PK3 Defense
1 - 0% - 50%
2 - 0% - 50%
44 Forward
1 - 100% - 50% - 1:20
2 - 0% - 50% - 0:00
44 Defense
1 - 100% - 50% - 1:20
2 - 0% - 50% - 0:00
Last Minute Offensive  - 0:00
Last Minute Defensive  - 0:00
Total
Forward - 60:00
Defense - 60:00

% Time on Ice - VICTORIA GLADIATORS

Lines # - Real PCT - Wanted PCT - Time Play
Normal Forward
1 - 36% - 36% - 16:00
2 - 32% - 33% - 14:15
3 - 21% - 24% - 9:15
4 - 11% - 7% - 4:55
Normal Defense
1 - 40% - 40% - 17:35
2 - 35% - 35% - 15:31
3 - 22% - 25% - 9:46
4 - 3% - 0% - 1:33
PP Forward
1 - 61% - 60% - 1:36
2 - 39% - 40% - 1:02
PP Defense
1 - 39% - 60% - 1:02
2 - 61% - 40% - 1:36
PK Forward
1 - 66% - 60% - 7:42
2 - 34% - 40% - 3:55
PK Defense
1 - 50% - 60% - 5:51
2 - 50% - 40% - 5:46
PK3 Forward
1 - 0% - 55%
2 - 0% - 45%
PK3 Defense
1 - 0% - 55%
2 - 0% - 45%
44 Forward
1 - 41% - 52% - 0:33
2 - 59% - 48% - 0:47
44 Defense
1 - 41% - 52% - 0:33
2 - 59% - 48% - 0:47
Last Minute Offensive  - 0:00
Last Minute Defensive  - 0:00
Total
Forward - 60:00
Defense - 60:00

Play-by-Play

1st period


0:01 of 1st period - Mikael Granlund wins face-off versus Jonathan Miller in neutral zone.
0:24 of 1st period - Shot by Brad Marchand.
0:24 of 1st period - Shot Blocked by Mikael Granlund.
0:26 of 1st period - Shot by Erik Karlsson.
0:26 of 1st period - Stopped by Jake Oettinger without a rebound.
0:27 of 1st period - Mark Scheifele wins face-off versus Adam Lowry in VICTORIA GLADIATORS zone.
1:04 of 1st period - Icing by Jeff Petry.
1:05 of 1st period - Mark Scheifele wins face-off versus Noel Acciari in PHOENIX MUSTANGS zone.
1:27 of 1st period - Shot by Matthew Nieto.
1:27 of 1st period - Goal by Matthew Nieto - PHOENIX MUSTANGS : 0 - VICTORIA GLADIATORS : 1.
1:28 of 1st period - Mason Appleton wins face-off versus Nic Dowd in neutral zone.
1:40 of 1st period - Shot by Torey Krug.
1:40 of 1st period - Stopped by Antti Raanta without a rebound.
1:41 of 1st period - Jonathan Miller wins face-off versus Alex Iafallo in PHOENIX MUSTANGS zone.
2:15 of 1st period - Shot by Kyle Connor.
2:15 of 1st period - Shot Misses the Net.
2:17 of 1st period - Shot by Damon Severson.
2:17 of 1st period - Stopped by Jake Oettinger without a rebound.
2:18 of 1st period - Nic Dowd wins face-off versus Noel Acciari in VICTORIA GLADIATORS zone.
2:41 of 1st period - Shot by Andrew Copp.
2:41 of 1st period - Shot Misses the Net.
2:43 of 1st period - Shot by Ilya Lyubushkin.
2:43 of 1st period - Stopped by Jake Oettinger without a rebound.
2:44 of 1st period - Adam Lowry wins face-off versus Tyson Jost in VICTORIA GLADIATORS zone.
2:53 of 1st period - Shot by Tyson Jost.
2:53 of 1st period - Stopped by Jake Oettinger without a rebound.
2:54 of 1st period - Mark Scheifele wins face-off versus Brock McGinn in VICTORIA GLADIATORS zone.
3:04 of 1st period - Mason Appleton is hit by Damon Severson and loses puck.
3:09 of 1st period - Shot by Brock McGinn.
3:09 of 1st period - Shot Misses the Net.
3:11 of 1st period - Shot by Mason Appleton.
3:11 of 1st period - Goal by Mason Appleton - PHOENIX MUSTANGS : 0 - VICTORIA GLADIATORS : 2.
3:12 of 1st period - Nic Dowd wins face-off versus Adam Lowry in neutral zone.
4:32 of 1st period - Shot by Jonathan Miller.
4:32 of 1st period - Shot Blocked by Justin Holl.
4:40 of 1st period - Shot by Mikael Granlund.
4:40 of 1st period - Goal by Mikael Granlund - PHOENIX MUSTANGS : 0 - VICTORIA GLADIATORS : 3.
4:41 of 1st period - Mark Scheifele wins face-off versus Noel Acciari in neutral zone.
5:24 of 1st period - Shot by Mark Scheifele.
5:24 of 1st period - Stopped by Jake Oettinger without a rebound.
5:25 of 1st period - Jonathan Miller wins face-off versus Mikael Granlund in VICTORIA GLADIATORS zone.
5:32 of 1st period - Shot by Brad Marchand.
5:32 of 1st period - Deflect By Jonathan Miller.
5:32 of 1st period - Shot Misses the Net.
5:48 of 1st period - Shot by Alex Iafallo.
5:48 of 1st period - Shot Misses the Net.
5:50 of 1st period - Shot by Justin Holl.
5:50 of 1st period - Stopped by Antti Raanta without a rebound.
5:51 of 1st period - Adam Lowry wins face-off versus Tyson Jost in PHOENIX MUSTANGS zone.
5:51 of 1st period - Brandon Montour is hit by Gavin Bayreuther and loses puck.
5:57 of 1st period - Icing by Gavin Bayreuther.
5:58 of 1st period - Tyson Jost wins face-off versus Adam Lowry in PHOENIX MUSTANGS zone.
6:25 of 1st period - Shot by Adam Lowry.
6:25 of 1st period - Shot Misses the Net.
6:27 of 1st period - Shot by Kasperi Kapanen.
6:27 of 1st period - Stopped by Antti Raanta with a rebound.
6:30 of 1st period - Minor Penalty to Ilya Lyubushkin for Hooking.
6:31 of 1st period - Mikael Granlund wins face-off versus Nic Dowd in PHOENIX MUSTANGS zone.
7:09 of 1st period - Minor Penalty to Mikael Granlund for Diving.
7:10 of 1st period - Mark Scheifele wins face-off versus Adam Lowry in VICTORIA GLADIATORS zone.
7:27 of 1st period - Shot by Kyle Connor.
7:27 of 1st period - Shot Misses the Net.
7:36 of 1st period - Shot by Adam Lowry.
7:36 of 1st period - Deflect By Brock McGinn.
7:36 of 1st period - Stopped by Antti Raanta with a rebound.
7:59 of 1st period - Icing by Erik Karlsson.
8:00 of 1st period - Mark Scheifele wins face-off versus Alex Iafallo in PHOENIX MUSTANGS zone.
11:06 of 1st period - Kasperi Kapanen is hit by Ilya Lyubushkin and loses puck.
11:36 of 1st period - Shot by Barclay Goodrow.
11:36 of 1st period - Goal by Barclay Goodrow - PHOENIX MUSTANGS : 0 - VICTORIA GLADIATORS : 4.
11:36 of 1st period - Petr Mrazek enters game.
11:37 of 1st period - Mark Scheifele wins face-off versus Matthew Nieto in neutral zone.
11:40 of 1st period - Noel Acciari is hit by Jordan Eberle and loses puck.
12:19 of 1st period - Icing by Erik Karlsson.
12:20 of 1st period - Mark Scheifele wins face-off versus Mason Appleton in PHOENIX MUSTANGS zone.
12:50 of 1st period - Shot by Jesper Fast.
12:50 of 1st period - Shot Blocked by Justin Holl.
12:55 of 1st period - Off-side.
12:56 of 1st period - Kyle Connor wins face-off versus Andre Burakovsky in neutral zone.
13:14 of 1st period - Icing by Jonathan Miller.
13:15 of 1st period - Adam Lowry wins face-off versus Jonathan Miller in PHOENIX MUSTANGS zone.
13:44 of 1st period - Shot by Brad Marchand.
13:44 of 1st period - Shot Misses the Net.
13:46 of 1st period - Shot by Kyle Connor.
13:46 of 1st period - Shot Misses the Net.
13:48 of 1st period - Shot by Jonathan Miller.
13:48 of 1st period - Stopped by Jake Oettinger without a rebound.
13:49 of 1st period - Mikael Granlund wins face-off versus Mark Scheifele in VICTORIA GLADIATORS zone.
14:06 of 1st period - Shot by Mark Scheifele.
14:06 of 1st period - Stopped by Jake Oettinger without a rebound.
14:07 of 1st period - Noel Acciari wins face-off versus Nic Dowd in VICTORIA GLADIATORS zone.
14:14 of 1st period - Shot by Barclay Goodrow.
14:14 of 1st period - Shot Misses the Net.
14:24 of 1st period - Minor Penalty to Justin Holl for Hooking.
14:25 of 1st period - Jonathan Miller wins face-off versus Noel Acciari in VICTORIA GLADIATORS zone.
14:30 of 1st period - Shot by Kyle Connor.
14:30 of 1st period - Shot Blocked by Jan Rutta.
14:32 of 1st period - Shot by Erik Karlsson.
14:32 of 1st period - Shot Hit the Post.
14:34 of 1st period - Shot by Jonathan Miller.
14:34 of 1st period - Shot Misses the Net.
14:55 of 1st period - Icing by Jeff Petry.
14:56 of 1st period - Jonathan Miller wins face-off versus Mason Appleton in PHOENIX MUSTANGS zone.
14:58 of 1st period - Icing by Brad Marchand.
14:59 of 1st period - Noel Acciari wins face-off versus Jonathan Miller in PHOENIX MUSTANGS zone.
16:09 of 1st period - Off-side.
16:10 of 1st period - Mark Scheifele wins face-off versus Mason Appleton in neutral zone.
16:21 of 1st period - Shot by Alex Killorn.
16:21 of 1st period - Deflect By Jordan Eberle.
16:21 of 1st period - Shot Blocked by Tyler Myers.
16:26 of 1st period - Icing by Torey Krug.
16:27 of 1st period - Nic Dowd wins face-off versus Mikael Granlund in VICTORIA GLADIATORS zone.
16:50 of 1st period - Shot by Mikael Granlund.
16:50 of 1st period - Shot Misses the Net.
16:58 of 1st period - Alex Iafallo is hit by Nic Dowd and loses puck.
17:54 of 1st period - Shot by Mark Scheifele.
17:54 of 1st period - Stopped by Jake Oettinger without a rebound.
17:55 of 1st period - Jonathan Miller wins face-off versus Noel Acciari in VICTORIA GLADIATORS zone.
17:56 of 1st period - Shot by Kyle Connor.
17:56 of 1st period - Shot Blocked by Chris Tanev.
18:08 of 1st period - Shot by Brad Marchand.
18:08 of 1st period - Shot Misses the Net.
18:10 of 1st period - Shot by Brad Marchand.
18:10 of 1st period - Shot Misses the Net.
18:12 of 1st period - Shot by Kyle Connor.
18:12 of 1st period - Stopped by Jake Oettinger without a rebound.
18:13 of 1st period - Mark Scheifele wins face-off versus Mason Appleton in VICTORIA GLADIATORS zone.
18:56 of 1st period - Shot by Alex Killorn.
18:56 of 1st period - Shot Blocked by Brandon Montour.
19:09 of 1st period - Icing by Brandon Montour.
19:10 of 1st period - Jonathan Miller wins face-off versus Mason Appleton in VICTORIA GLADIATORS zone.
19:39 of 1st period - Shot by Kyle Connor.
19:39 of 1st period - Shot Misses the Net.
Goals for this period are 0 for PHOENIX MUSTANGS vs 4 for VICTORIA GLADIATORS.
Shots for this period are 9 for PHOENIX MUSTANGS vs 8 for VICTORIA GLADIATORS.

2nd period


0:01 of 2nd period - Adam Lowry wins face-off versus Mark Scheifele in neutral zone.
0:41 of 2nd period - Shot by Mark Scheifele.
0:41 of 2nd period - Shot Misses the Net.
1:06 of 2nd period - Shot by Jonathan Miller.
1:06 of 2nd period - Stopped by Jake Oettinger without a rebound.
1:07 of 2nd period - Nic Dowd wins face-off versus Mikael Granlund in VICTORIA GLADIATORS zone.
1:36 of 2nd period - Shot by Andre Burakovsky.
1:36 of 2nd period - Stopped by Petr Mrazek without a rebound.
1:37 of 2nd period - Jonathan Miller wins face-off versus Noel Acciari in PHOENIX MUSTANGS zone.
2:04 of 2nd period - Shot by Brad Marchand.
2:04 of 2nd period - Goal by Brad Marchand - PHOENIX MUSTANGS : 1 - VICTORIA GLADIATORS : 4.
2:05 of 2nd period - Mikael Granlund wins face-off versus Mark Scheifele in neutral zone.
2:05 of 2nd period - Andre Burakovsky is hit by Mark Scheifele and loses puck.
2:12 of 2nd period - Shot by Alex Iafallo.
2:12 of 2nd period - Shot Misses the Net.
2:14 of 2nd period - Shot by Alex Iafallo.
2:14 of 2nd period - Stopped by Petr Mrazek without a rebound.
2:15 of 2nd period - Mikael Granlund wins face-off versus Mark Scheifele in PHOENIX MUSTANGS zone.
2:26 of 2nd period - Shot by Andre Burakovsky.
2:26 of 2nd period - Shot Misses the Net.
2:28 of 2nd period - Shot by Mikael Granlund.
2:28 of 2nd period - Shot Misses the Net.
2:53 of 2nd period - Minor Penalty to Mark Scheifele for Tripping.
2:54 of 2nd period - Adam Lowry wins face-off versus Andrew Copp in PHOENIX MUSTANGS zone.
3:01 of 2nd period - Shot by Kasperi Kapanen.
3:01 of 2nd period - Shot Misses the Net.
3:30 of 2nd period - Nic Dowd is hit by Nick Foligno and loses puck.
3:57 of 2nd period - Erik Karlsson is hit by Mikael Granlund.
4:03 of 2nd period - Shot by Alex Iafallo.
4:03 of 2nd period - Stopped by Petr Mrazek without a rebound.
4:04 of 2nd period - Jonathan Miller wins face-off versus Mikael Granlund in PHOENIX MUSTANGS zone.
4:50 of 2nd period - Shot by Brandon Montour.
4:50 of 2nd period - Shot Blocked by Jeff Petry.
4:52 of 2nd period - Shot by Brandon Montour.
4:52 of 2nd period - Goal by Brandon Montour - PHOENIX MUSTANGS : 1 - VICTORIA GLADIATORS : 5.
4:53 of 2nd period - Noel Acciari wins face-off versus Jonathan Miller in neutral zone.
4:53 of 2nd period - Noel Acciari is hit by Jonathan Miller.
5:07 of 2nd period - Shot by Barclay Goodrow.
5:07 of 2nd period - Stopped by Petr Mrazek without a rebound.
5:08 of 2nd period - Mason Appleton wins face-off versus Alex Killorn in PHOENIX MUSTANGS zone.
5:14 of 2nd period - Off-side.
5:15 of 2nd period - Adam Lowry wins face-off versus Jonathan Miller in neutral zone.
5:29 of 2nd period - Shot by Adam Lowry.
5:29 of 2nd period - Stopped by Petr Mrazek without a rebound.
5:30 of 2nd period - Mark Scheifele wins face-off versus Noel Acciari in PHOENIX MUSTANGS zone.
5:43 of 2nd period - Shot by Mark Scheifele.
5:43 of 2nd period - Stopped by Jake Oettinger without a rebound.
5:44 of 2nd period - Jonathan Miller wins face-off versus Nick Foligno in VICTORIA GLADIATORS zone.
5:44 of 2nd period - Erik Karlsson is hit by Tyler Myers and loses puck.
6:24 of 2nd period - Shot by Nick Foligno.
6:24 of 2nd period - Shot Blocked by Damon Severson.
6:36 of 2nd period - Minor Penalty to Kasperi Kapanen for Interference.
6:37 of 2nd period - Noel Acciari wins face-off versus Mark Scheifele in VICTORIA GLADIATORS zone.
7:05 of 2nd period - Noel Acciari is hit by Jeff Petry.
7:15 of 2nd period - Shot by Barclay Goodrow.
7:15 of 2nd period - Shot Misses the Net.
7:30 of 2nd period - Icing by Jeff Petry.
7:31 of 2nd period - Mark Scheifele wins face-off versus Mason Appleton in PHOENIX MUSTANGS zone.
9:12 of 2nd period - Shot by Andrew Copp.
9:12 of 2nd period - Shot Misses the Net.
10:09 of 2nd period - Icing by Gavin Bayreuther.
10:10 of 2nd period - Noel Acciari wins face-off versus Mark Scheifele in PHOENIX MUSTANGS zone.
10:31 of 2nd period - Shot by Jonathan Miller.
10:31 of 2nd period - Goal by Jonathan Miller - PHOENIX MUSTANGS : 2 - VICTORIA GLADIATORS : 5.
10:32 of 2nd period - Jonathan Miller wins face-off versus Tyler Pitlick in neutral zone.
11:48 of 2nd period - Shot by Andrew Copp.
11:48 of 2nd period - Stopped by Jake Oettinger with a rebound.
12:03 of 2nd period - Minor Penalty to Andre Burakovsky for Holding.
12:04 of 2nd period - Noel Acciari wins face-off versus Mark Scheifele in VICTORIA GLADIATORS zone.
13:43 of 2nd period - Shot by Kyle Connor.
13:43 of 2nd period - Goal by Kyle Connor - PHOENIX MUSTANGS : 3 - VICTORIA GLADIATORS : 5.
13:44 of 2nd period - Mikael Granlund wins face-off versus Nic Dowd in neutral zone.
13:51 of 2nd period - Andrew Copp is hit by Brandon Montour and loses puck.
14:17 of 2nd period - Minor Penalty to Alex Iafallo for Tripping.
14:18 of 2nd period - Noel Acciari wins face-off versus Jonathan Miller in VICTORIA GLADIATORS zone.
14:18 of 2nd period - Noel Acciari is hit by Jonathan Miller.
16:09 of 2nd period - Icing by Jonathan Miller.
16:10 of 2nd period - Jonathan Miller wins face-off versus Noel Acciari in PHOENIX MUSTANGS zone.
17:19 of 2nd period - Icing by Ilya Lyubushkin.
17:20 of 2nd period - Adam Lowry wins face-off versus Tyson Jost in PHOENIX MUSTANGS zone.
17:45 of 2nd period - Shot by Kasperi Kapanen.
17:45 of 2nd period - Stopped by Petr Mrazek with a rebound.
17:51 of 2nd period - Shot by Tyler Myers.
17:51 of 2nd period - Stopped by Petr Mrazek without a rebound.
17:52 of 2nd period - Noel Acciari wins face-off versus Mark Scheifele in PHOENIX MUSTANGS zone.
19:02 of 2nd period - Shot by Brad Marchand.
19:02 of 2nd period - Shot Misses the Net.
19:04 of 2nd period - Shot by Jonathan Miller.
19:04 of 2nd period - Shot Blocked by Noel Acciari.
19:06 of 2nd period - Shot by Jonathan Miller.
19:06 of 2nd period - Deflect By Kyle Connor.
19:06 of 2nd period - Shot Misses the Net.
19:08 of 2nd period - Shot by Brad Marchand.
19:08 of 2nd period - Shot Misses the Net.
19:10 of 2nd period - Shot by Brad Marchand.
19:10 of 2nd period - Stopped by Jake Oettinger without a rebound.
19:11 of 2nd period - Nic Dowd wins face-off versus Mikael Granlund in VICTORIA GLADIATORS zone.
19:48 of 2nd period - Shot by Mikael Granlund.
19:48 of 2nd period - Shot Misses the Net.
Goals for this period are 3 for PHOENIX MUSTANGS vs 1 for VICTORIA GLADIATORS.
Shots for this period are 7 for PHOENIX MUSTANGS vs 8 for VICTORIA GLADIATORS.

3rd period


0:01 of 3rd period - Mark Scheifele wins face-off versus Adam Lowry in neutral zone.
0:01 of 3rd period - Erik Karlsson is hit by Nick Foligno and loses puck.
0:22 of 3rd period - Shot by Adam Lowry.
0:22 of 3rd period - Shot Blocked by Alex Killorn.
0:24 of 3rd period - Shot by Torey Krug.
0:24 of 3rd period - Stopped by Petr Mrazek without a rebound.
0:25 of 3rd period - Jonathan Miller wins face-off versus Mikael Granlund in PHOENIX MUSTANGS zone.
0:27 of 3rd period - Icing by Kyle Connor.
0:28 of 3rd period - Jonathan Miller wins face-off versus Mikael Granlund in PHOENIX MUSTANGS zone.
0:28 of 3rd period - Jonathan Miller is hit by Mikael Granlund.
0:35 of 3rd period - Kyle Connor is hit by Justin Holl and loses puck.
0:52 of 3rd period - Shot by Kyle Connor.
0:52 of 3rd period - Stopped by Jake Oettinger without a rebound.
0:53 of 3rd period - Adam Lowry wins face-off versus Mark Scheifele in VICTORIA GLADIATORS zone.
0:59 of 3rd period - Shot by Adam Lowry.
0:59 of 3rd period - Shot Blocked by Erik Karlsson.
1:21 of 3rd period - Shot by Kasperi Kapanen.
1:21 of 3rd period - Deflect By Adam Lowry.
1:21 of 3rd period - Shot Misses the Net.
1:23 of 3rd period - Shot by Adam Lowry.
1:23 of 3rd period - Deflect By Nick Foligno.
1:23 of 3rd period - Stopped by Petr Mrazek without a rebound.
1:24 of 3rd period - Jonathan Miller wins face-off versus Mikael Granlund in PHOENIX MUSTANGS zone.
1:39 of 3rd period - Shot by Kyle Connor.
1:39 of 3rd period - Shot Misses the Net.
1:41 of 3rd period - Shot by Radko Gudas.
1:41 of 3rd period - Stopped by Jake Oettinger without a rebound.
1:42 of 3rd period - Nic Dowd wins face-off versus Matthew Nieto in VICTORIA GLADIATORS zone.
2:02 of 3rd period - Icing by Erik Karlsson.
2:03 of 3rd period - Adam Lowry wins face-off versus Andrew Copp in PHOENIX MUSTANGS zone.
3:06 of 3rd period - Shot by Mikael Granlund.
3:06 of 3rd period - Shot Blocked by Andrew Copp.
3:30 of 3rd period - Shot by Alex Iafallo.
3:30 of 3rd period - Stopped by Petr Mrazek with a rebound.
3:32 of 3rd period - Shot by Brandon Montour.
3:32 of 3rd period - Stopped by Petr Mrazek with a rebound.
4:07 of 3rd period - Shot by Noel Acciari.
4:07 of 3rd period - Shot Misses the Net.
4:11 of 3rd period - Shot by Barclay Goodrow.
4:11 of 3rd period - Stopped by Petr Mrazek without a rebound.
4:12 of 3rd period - Mark Scheifele wins face-off versus Mason Appleton in PHOENIX MUSTANGS zone.
4:14 of 3rd period - Minor Penalty to Tyler Pitlick for Hooking.
4:15 of 3rd period - Jonathan Miller wins face-off versus Noel Acciari in VICTORIA GLADIATORS zone.
4:38 of 3rd period - Shot by Kyle Connor.
4:38 of 3rd period - Stopped by Jake Oettinger without a rebound.
4:39 of 3rd period - Noel Acciari wins face-off versus Mark Scheifele in VICTORIA GLADIATORS zone.
4:52 of 3rd period - Justin Holl is hit by Alex Killorn and loses puck.
5:31 of 3rd period - Icing by Ilya Lyubushkin.
5:32 of 3rd period - Jonathan Miller wins face-off versus Noel Acciari in PHOENIX MUSTANGS zone.
5:55 of 3rd period - Justin Holl is hit by Jonathan Miller and loses puck.
6:08 of 3rd period - Shot by Jonathan Miller.
6:08 of 3rd period - Stopped by Jake Oettinger without a rebound.
6:09 of 3rd period - Mark Scheifele wins face-off versus Noel Acciari in VICTORIA GLADIATORS zone.
6:18 of 3rd period - Shot by Adam Lowry.
6:18 of 3rd period - Shot Misses the Net.
6:52 of 3rd period - Off-side.
6:53 of 3rd period - Alex Iafallo wins face-off versus Mark Scheifele in neutral zone.
7:00 of 3rd period - Shot by Alex Iafallo.
7:00 of 3rd period - Stopped by Petr Mrazek without a rebound.
7:01 of 3rd period - Mikael Granlund wins face-off versus Mark Scheifele in PHOENIX MUSTANGS zone.
7:22 of 3rd period - Shot by Alex Iafallo.
7:22 of 3rd period - Stopped by Petr Mrazek without a rebound.
7:23 of 3rd period - Noel Acciari wins face-off versus Jonathan Miller in PHOENIX MUSTANGS zone.
8:21 of 3rd period - Off-side.
8:22 of 3rd period - Mikael Granlund wins face-off versus Jordan Eberle in neutral zone.
8:48 of 3rd period - Shot by Jordan Eberle.
8:48 of 3rd period - Stopped by Jake Oettinger without a rebound.
8:49 of 3rd period - Adam Lowry wins face-off versus Nic Dowd in VICTORIA GLADIATORS zone.
9:47 of 3rd period - Shot by Mark Scheifele.
9:47 of 3rd period - Stopped by Jake Oettinger without a rebound.
9:48 of 3rd period - Jonathan Miller wins face-off versus Mikael Granlund in VICTORIA GLADIATORS zone.
9:49 of 3rd period - Shot by Kyle Connor.
9:49 of 3rd period - Goal by Kyle Connor - PHOENIX MUSTANGS : 4 - VICTORIA GLADIATORS : 5.
9:50 of 3rd period - Mikael Granlund wins face-off versus Mark Scheifele in neutral zone.
10:34 of 3rd period - Shot by Alex Killorn.
10:34 of 3rd period - Shot Misses the Net.
10:36 of 3rd period - Shot by Jordan Eberle.
10:36 of 3rd period - Stopped by Jake Oettinger without a rebound.
10:37 of 3rd period - Jonathan Miller wins face-off versus Noel Acciari in VICTORIA GLADIATORS zone.
11:15 of 3rd period - Shot by Brad Marchand.
11:15 of 3rd period - Stopped by Jake Oettinger without a rebound.
11:16 of 3rd period - Adam Lowry wins face-off versus Nic Dowd in VICTORIA GLADIATORS zone.
11:16 of 3rd period - Adam Lowry is hit by Jesper Fast.
11:42 of 3rd period - Shot by Nic Dowd.
11:42 of 3rd period - Shot Misses the Net.
11:44 of 3rd period - Shot by Gavin Bayreuther.
11:44 of 3rd period - Stopped by Jake Oettinger without a rebound.
11:45 of 3rd period - Mark Scheifele wins face-off versus Mikael Granlund in VICTORIA GLADIATORS zone.
11:50 of 3rd period - Shot by Jordan Eberle.
11:50 of 3rd period - Shot Misses the Net.
12:10 of 3rd period - Shot by Mikael Granlund.
12:10 of 3rd period - Deflect By Andre Burakovsky.
12:10 of 3rd period - Shot Misses the Net.
12:24 of 3rd period - Shot by Andre Burakovsky.
12:24 of 3rd period - Stopped by Petr Mrazek with a rebound.
12:26 of 3rd period - Shot by Mikael Granlund.
12:26 of 3rd period - Shot Blocked by Damon Severson.
12:30 of 3rd period - Shot by Andre Burakovsky.
12:30 of 3rd period - Stopped by Petr Mrazek without a rebound.
12:31 of 3rd period - Jonathan Miller wins face-off versus Adam Lowry in PHOENIX MUSTANGS zone.
12:48 of 3rd period - Kyle Connor is hit by Tyler Myers and loses puck.
13:19 of 3rd period - Icing by Jeff Petry.
13:20 of 3rd period - Jonathan Miller wins face-off versus Noel Acciari in PHOENIX MUSTANGS zone.
13:20 of 3rd period - Jonathan Miller is hit by Matthew Nieto.
13:45 of 3rd period - Alex Killorn is hit by Noel Acciari and loses puck.
13:58 of 3rd period - Icing by Chris Tanev.
13:59 of 3rd period - Nic Dowd wins face-off versus Noel Acciari in VICTORIA GLADIATORS zone.
15:11 of 3rd period - Alex Killorn is hit by Adam Lowry and loses puck.
15:36 of 3rd period - Shot by Alex Killorn.
15:36 of 3rd period - Shot Misses the Net.
16:12 of 3rd period - Chris Tanev is hit by Jonathan Miller and loses puck.
17:10 of 3rd period - Shot by Tyson Jost.
17:10 of 3rd period - Stopped by Jake Oettinger without a rebound.
17:11 of 3rd period - Mark Scheifele wins face-off versus Mikael Granlund in VICTORIA GLADIATORS zone.
17:24 of 3rd period - Shot by Jordan Eberle.
17:24 of 3rd period - Shot Blocked by Alex Iafallo.
17:40 of 3rd period - Icing by Mikael Granlund.
17:41 of 3rd period - Mikael Granlund wins face-off versus Jesper Fast in VICTORIA GLADIATORS zone.
18:17 of 3rd period - PHOENIX MUSTANGS, Petr Mrazek is pulled from the net.
18:18 of 3rd period - Jesper Fast is hit by Torey Krug and loses puck.
18:33 of 3rd period - Alex Killorn is hit by Nick Foligno and loses puck.
18:37 of 3rd period - Minor Penalty to Nick Foligno for High sticking.
18:38 of 3rd period - Jonathan Miller wins face-off versus Noel Acciari in VICTORIA GLADIATORS zone.
18:39 of 3rd period - Shot by Erik Karlsson.
18:39 of 3rd period - Shot Misses the Net.
18:41 of 3rd period - Shot by Kyle Connor.
18:41 of 3rd period - Stopped by Jake Oettinger with a rebound.
18:43 of 3rd period - Shot by Jeff Petry.
18:43 of 3rd period - Shot Blocked by Chris Tanev.
18:45 of 3rd period - Shot by Jonathan Miller.
18:45 of 3rd period - Deflect By Kyle Connor.
18:45 of 3rd period - Shot Misses the Net.
18:47 of 3rd period - Shot by Jonathan Miller.
18:47 of 3rd period - Shot Blocked by Chris Tanev.
18:49 of 3rd period - Shot by Jeff Petry.
18:49 of 3rd period - Shot Misses the Net.
18:51 of 3rd period - Shot by Jonathan Miller.
18:51 of 3rd period - Stopped by Jake Oettinger without a rebound.
18:52 of 3rd period - Jordan Eberle wins face-off versus Noel Acciari in VICTORIA GLADIATORS zone.
19:17 of 3rd period - Shot by Mark Scheifele.
19:17 of 3rd period - Deflect By Jordan Eberle.
19:17 of 3rd period - Stopped by Jake Oettinger without a rebound.
19:18 of 3rd period - Noel Acciari wins face-off versus Jonathan Miller in VICTORIA GLADIATORS zone.
19:18 of 3rd period - Barclay Goodrow is hit by Jonathan Miller.
19:34 of 3rd period - Shot by Kyle Connor.
19:34 of 3rd period - Stopped by Jake Oettinger without a rebound.
19:35 of 3rd period - Mark Scheifele wins face-off versus Mason Appleton in VICTORIA GLADIATORS zone.
19:44 of 3rd period - Shot by Erik Karlsson.
19:44 of 3rd period - Stopped by Jake Oettinger without a rebound.
19:45 of 3rd period - Jonathan Miller wins face-off versus Noel Acciari in VICTORIA GLADIATORS zone.
19:58 of 3rd period - Shot by Brad Marchand.
19:58 of 3rd period - Stopped by Jake Oettinger without a rebound.
19:59 of 3rd period - Mark Scheifele wins face-off versus Noel Acciari in VICTORIA GLADIATORS zone.
Goals for this period are 1 for PHOENIX MUSTANGS vs 0 for VICTORIA GLADIATORS.
Shots for this period are 17 for PHOENIX MUSTANGS vs 9 for VICTORIA GLADIATORS.


BLAKE
WHEELER
STEVEN
STAMKOS
DREW
DOUGHTY

EAST COAST

HOCKEY LEAGUE

  • 63.RHI2PIT5
  • 64.WOR4ATL3
  • 65.QUECHW
  • 66.CHATRV